 Dungeon Crawl Stone Soup version 0.23.2-40-g277498a001 (webtiles) character file.

Game seed: 5329587248921482390

178554 glorgkhan the Executioner (level 18, -4/268 HPs)
             Began as a Hill Orc Berserker on Sept 8, 2019.
             Was a High Priest of Trog.
             Killed from afar by a frost giant (19 damage)
             ... with a bolt of cold
             ... on level 2 of the Depths.
             The game lasted 01:34:05 (30951 turns).

glorgkhan the Executioner (Hill Orc Berserker)     Turns: 30951, Time: 01:34:05

Health: -4/268     AC: 34    Str: 35    XL:     18   Next: 20%
Magic:  18/18      EV:  9    Int:  9    God:    Trog [*****.]
Gold:   4163       SH:  2    Dex:  8    Spells: 17/17 levels left

rFire    . . .     SeeInvis .   O - +5 executioner's axe (elec)
rCold    + . .     Gourm    .   (shield currently unavailable)
rNeg     . . .     Faith    .   U - +7 plate armour {MR+}
rPois    .         Spirit   .   (helmet restricted)
rElec    .         Reflect  +   T - +2 cloak
rCorr    .         Harm     .   G - +0 pair of gloves
MR       +++++                  A - +2 pair of boots
Stlth    ..........             P - +2 amulet of reflection
HPRegen  1.54/turn              h - ring of protection from cold
MPRegen  0.16/turn              L - ring of protection from magic

@: berserking, regenerating, very quick
A: antennae 1, clever 1, clumsy 1, strong 1, evolution 1
a: Berserk, Trog's Hand, Brothers in Arms, Renounce Religion


You were on level 2 of the Depths.
You worshipped Trog.
Trog was extremely pleased with you.
You were hungry.

You visited 4 branches of the dungeon, and saw 25 of its levels.
You also visited: Ossuary and Ice Cave.

You collected 4759 gold pieces.
You spent 596 gold pieces at shops.

Inventory:

Hand Weapons
 a - a +3 scimitar of flaming
 K - a +5 broad axe of freezing
 O - a +5 executioner's axe of electrocution (weapon)
Missiles
 p - 6 steel tomahawks (quivered)
Armour
 o - a +0 buckler
 q - a +0 large shield
 A - a +2 pair of boots (worn)
 D - a +2 helmet of intelligence
 G - a +0 pair of gloves (worn)
 T - a +2 cloak (worn)
 U - a +7 plate armour of magic resistance (worn)
Jewellery
 h - a ring of protection from cold (left hand)
 k - a +2 ring of slaying
 n - an uncursed ring of fire
 y - an uncursed ring of see invisible
 L - a ring of protection from magic (right hand)
 P - a +2 amulet of reflection (around neck)
 R - an uncursed ring of resist corrosion
 W - an uncursed ring of poison resistance
 X - an uncursed ring of resist corrosion
Wands
 d - a wand of polymorph (14)
 s - a wand of flame (20)
 u - a wand of random effects (43)
 w - a wand of iceblast (32)
 x - a wand of digging (8)
 F - a wand of acid (10)
 N - a wand of clouds (6)
Scrolls
 b - a scroll of identify
 g - 7 scrolls of remove curse
 m - 4 scrolls of fog
 C - 10 scrolls of teleportation
 H - 8 scrolls of magic mapping
 Q - a scroll of blinking
 Z - 3 scrolls of fear
Potions
 e - 2 potions of flight
 f - 3 potions of agility
 i - 3 potions of might
 j - 6 potions of heal wounds
 l - 5 potions of resistance
 r - 11 potions of curing
 t - 2 potions of cancellation
 v - 2 potions of haste
 I - 2 potions of ambrosia
 J - 2 potions of berserk rage
Miscellaneous
 z - a sack of spiders
 E - a lightning rod (4/4)
Comestibles
 c - 48 rations
 B - 3 chunks of flesh


   Skills:
 + Level 20.3 Fighting
 * Level 21.0 Axes
 + Level 18.4 Armour
 - Level 1.5 Dodging
 - Level 4.0 Shields


You had 17 spell levels left.
You didn't know any spells.
Your spell library was empty.

Dungeon Overview and Level Annotations

Branches:
Dungeon (15/15)            Temple (0/1) D:7            Lair (6/6) D:11
 Shoals (0/4) Lair:4       Spider (0/4) Lair:4        Slime (0/5) Lair:5
    Orc (2/2) D:11            Elf (0/3) Orc:2        Vaults (0/5) D:13
 Depths (1/5) D:15

Altars:
Fedhas
Gozag
Hepliaklqana
Makhleb
Sif Muna
Trog
Uskayaw
Wu Jian
Yredelemnul
Jiyva

Shops:
D:5 *   D:9 *   D:10 }   Orc:2 =[*(

Portals:
Hell: Lair:6 Depths:1
Abyss: Depths:1
Pandemonium: Depths:1
Trove: D:12 (show abyssal rune of Zot)

Annotations:
Lair:2 1 runed translucent door
Lair:5 1 runed translucent door


Innate Abilities, Weirdness & Mutations

You have a pair of small antennae on your head.
Your mind is acute. (Int +2)
You are clumsy. (Dex -2)
Your muscles are strong. (Str +2)
You evolve.


Message History

You slice the sphinx!! Lightning courses through the sphinx!
You kill the sphinx!
Trog accepts your kill.
Trog appreciates your killing of a magic user.
Your Axes skill increases to level 21!
The frost giant points at you and mumbles some strange words.
The bolt of cold hits the frost giant.
The frost giant resists.
The bolt of cold hits you but does no damage.
You carve the sphinx like a ham!!!
You kill the sphinx!
Trog accepts your kill.
Trog appreciates your killing of a magic user.
You slice the frost giant!! You completely miss the stone giant.
The frost giant casts a spell at you. The bolt of cold hits you!! You resist.
* * * LOW HITPOINT WARNING * * *
The frost giant casts a spell at you.
The bolt of cold hits the frost giant!
The frost giant resists.
The bolt of cold hits you!! You resist.
You die...

##########
###...##...###
#.....''.....#
##.....')@C...#
###†'....##C)..++
#..''######CL##+
##.[÷##


CLY# +...[# .... +....# [.C... #....# %?}...# ##()## [%∩[$..# ##)'## You could
see a titan, 3 frost giants, a stone giant, 2 liches and an elephant (berserk).

Vanquished Creatures
  A tentacled monstrosity (Depths:2)
  2 sphinxes (Depths:2)
  A fire giant (Depths:2)
  3 frost giants
  An orc warlord (Orc:2)
  Louise (Depths:1)
  A reaper (Depths:1)
  A deep elf demonologist (Depths:2)
  Nessos (D:12)
  2 stone giants
  2 spark wasps (Depths:2)
  Snorg (D:10)
  A merfolk javelineer (Depths:1)
  3 ettins
  A merfolk impaler (Depths:1)
  A yaktaur captain (D:13)
  A rakshasa (D:15)
  3 ice dragons
  Fannar (D:11)
  A hell beast (Lair:6)
  6 hydras
  2 death knights
  2 catoblepae
  6 centaur warriors
  2 tengu warriors
  6 death yaks (Lair:6)
  A deep troll shaman (D:15)
  4 deep troll earth magi
  3 spriggan berserkers (Depths:2)
  4 orc high priests (Orc:2)
  A sun demon (Depths:1)
  3 skeletal warriors (D:14)
  2 iron trolls (D:15)
  3 unseen horrors
  An unseen horror (shapeshifter) (D:15)
  6 deep trolls
  A glowing orange brain (D:15)
  A wizard (Lair:6)
  A phantasmal warrior (D:13)
  3 orc knights (Orc:2)
  2 necromancers (D:13)
  A deep elf mage (D:15)
  7 cyclopes
  21 ugly things
  A wolf spider (Lair:4)
  2 wolf spider zombies
  5 manticores
  An oklob plant (Lair:6)
  4 elephants (Lair:4)
  4 centaur zombies
  4 black mambas
  2 ice statues (IceCv)
  A gargoyle (D:14)
  9 centaur skeletons
  17 spiny frogs
  A torpor snail (Lair:6)
  2 orange demons (Lair:6)
  A kobold demonologist (D:12)
  10 komodo dragons
  4 rime drakes
  3 hellwings
  2 efreet
  2 freezing wraiths (D:13)
  2 tengu conjurers
  2 ice devils (Lair:6)
  5 trolls
  2 red devils (Lair:6)
  2 polar bears
  A merfolk (shapeshifter) (D:15)
  A queen bee (shapeshifter) (D:14)
  3 slime creatures
  A polar bear (shapeshifter) (Depths:1)
  Grinder (D:3)
  2 hornets
  A hippogriff (shapeshifter) (D:15)
  4 dream sheep (Lair:6)
  22 blink frogs
  15 hippogriffs
  A spriggan (Depths:2)
  13 water elementals
  An air elemental (D:12)
  3 shadows
  54 yaks
  3 wraiths
  3 wyverns
  A fire elemental (D:12)
  A human (shapeshifter) (D:13)
  A hog (shapeshifter) (D:15)
  2 basilisks
  2 hungry ghosts (D:8)
  A neqoxec (Depths:1)
  2 steam dragons
  2 vampire mosquitoes (D:15)
  A soldier ant (D:15)
  2 wargs (Orc:2)
  4 hell hounds (Lair:6)
  A swamp drake (D:11)
  17 water moccasins
  6 porcupines
  4 sky beasts
  31 orc warriors
  An eye of draining (D:13)
  21 ice beasts
  4 black bears
  3 phantoms
  2 necrophages
  8 ogres
  An ogre (shapeshifter) (D:15)
  2 boggarts (D:15)
  A boggart (shapeshifter) (D:15)
  10 centaurs
  9 wolves
  A centaur (shapeshifter) (D:15)
  12 crocodiles
  4 big kobolds
  23 bullfrogs
  2 elf skeletons (D:4)
  An earth elemental (D:12)
  A wyvern skeleton (D:14)
  10 scorpions
  13 wights
  3 howler monkeys (D:12)
  An electric eel (Lair:6)
  9 crimson imps
  4 bullfrog zombies
  10 hounds
  4 quasits
  21 orc priests
  4 bullfrog skeletons
  A human skeleton (D:4)
  8 jellies
  23 orc wizards
  An iron imp (Depths:1)
  3 iguanas
  2 hell rats (Lair:6)
  9 worker ants
  2 hound zombies
  2 hound skeletons
  3 worker ant zombies (D:11)
  Robin (D:3)
  4 gnolls (D:5)
  8 river rats (Lair:6)
  16 adders
  5 shadow imps
  A white imp (Depths:1)
  An ufetubus (Depths:1)
  An adder skeleton (D:6)
  2 adder zombies
  3 worms
  5 leopard geckos
  74 orcs
  8 giant cockroaches
  17 goblins
  15 hobgoblins
  8 jackals
  5 quokkas
  A ball python (D:3)
  A ball python skeleton (Ossuary)
  6 bats
  2 frilled lizards
  A hobgoblin skeleton (Ossuary)
  2 hobgoblin zombies (Ossuary)
  A jackal skeleton (D:8)
  18 kobolds
  A kobold zombie (Ossuary)
  5 orc skeletons
  An orc zombie (D:4)
  A quokka skeleton (D:8)
  A quokka zombie (D:10)
  15 rats
  7 fungi
  7 plants
896 creatures vanquished.

Vanquished Creatures (collateral kills)
  2 orc high priests (Orc:2)
  An orc knight (Orc:2)
  4 orc warriors (Orc:2)
  An ogre (Orc:2)
  2 orcs (Orc:2)
10 creatures vanquished.

Vanquished Creatures (others)
  A centaur (Depths:1)
  An orc wizard (D:10)
  9 fungi
  6 plants
  8 toadstools (Lair:2)
25 creatures vanquished.

Grand Total: 931 creatures vanquished

Notes
Turn   | Place    | Note
-------+----------+-------------------------------------------
     0 | D:1      | glorgkhan the Hill Orc Berserker began the quest for the
                  | Orb.
     0 | D:1      | Reached XP level 1. HP: 19/19 MP: 1/1
    39 | D:1      | Reached XP level 2. HP: 7/27 MP: 2/2
    43 | D:1      | HP: 2/40 [jackal (2)]
   954 | D:1      | Reached XP level 3. HP: 33/33 MP: 3/3
  1037 | D:1      | Reached ** piety under Trog
  1748 | D:2      | Reached skill level 5 in Axes
  2356 | D:3      | Reached XP level 4. HP: 40/41 MP: 4/4
  2675 | D:3      | Noticed Grinder
  2690 | D:3      | Killed Grinder
  2690 | D:3      | Reached skill level 5 in Fighting
  2690 | D:3      | Reached skill level 6 in Axes
  2690 | D:3      | Reached XP level 5. HP: 48/48 MP: 5/5
  2690 | D:3      | Reached XP level 6. HP: 56/56 MP: 6/6
  2864 | D:3      | Reached skill level 7 in Axes
  2876 | D:3      | Noticed Robin
  2926 | D:3      | Killed Robin
  2932 | D:3      | Reached *** piety under Trog
  3751 | D:4      | Reached XP level 7. HP: 62/62 MP: 7/7
  3754 | D:4      | Reached skill level 8 in Axes
  3967 | D:4      | Reached skill level 9 in Axes
  3967 | D:4      | Reached skill level 1 in Shields
  4001 | D:4      | Reached XP level 8. HP: 59/71 MP: 8/8
  4005 | D:4      | Found a sand-covered staircase.
  4018 | Ossuary  | Entered an ossuary
  4166 | Ossuary  | Noticed a wraith
  4166 | Ossuary  | Noticed a flying skull
  4173 | Ossuary  | Noticed a flying skull
  4205 | Ossuary  | Noticed a flying skull
  4262 | Ossuary  | Noticed a flying skull
  4268 | Ossuary  | Noticed a wraith
  4285 | Ossuary  | Killed a wraith
  4559 | Ossuary  | Noticed a wraith
  4566 | Ossuary  | Killed a wraith
  4566 | Ossuary  | Reached skill level 10 in Axes
  4877 | D:5      | Entered Level 5 of the Dungeon
  5147 | D:5      | Found Uhefiz's Assorted Antiques.
  5502 | D:6      | Reached **** piety under Trog
  5554 | D:6      | Reached XP level 9. HP: 75/80 MP: 9/9
  5587 | D:6      | Reached skill level 11 in Axes
  6047 | D:6      | Reached skill level 5 in Armour
  6433 | D:6      | Found a deep blue altar of Sif Muna.
  6433 | D:6      | Found a bloodstained altar of Trog.
  6755 | D:6      | Reached skill level 12 in Axes
  6945 | D:6      | Found a burning altar of Makhleb.
  7272 | D:7      | Found a basalt altar of Yredelemnul.
  7282 | D:7      | Noticed a hornet
  7325 | D:6      | Killed a hornet
  7578 | D:7      | Got a faintly humming scale mail
  7579 | D:7      | Identified the +6 scale mail of the End {-Tele rN+ Dex+3}
                  | (You found it on level 7 of the Dungeon)
  7653 | D:7      | Found a staircase to the Ecumenical Temple.
  8072 | D:7      | Reached XP level 10. HP: 77/91 MP: 10/10
  8082 | D:7      | Reached skill level 13 in Axes
  8220 | D:7      | Found an ornate altar of the Wu Jian Council.
  9502 | D:8      | Reached skill level 14 in Axes
  9582 | D:9      | Reached skill level 10 in Fighting
  9583 | D:9      | Found a hide-covered altar of Uskayaw.
 10416 | D:9      | Found Gozag's Platinum Reserve.
 10424 | D:9      | Found an opulent altar of Gozag.
 10782 | D:10     | Entered Level 10 of the Dungeon
 11051 | D:10     | Reached ***** piety under Trog
 11085 | D:10     | Reached XP level 11. HP: 99/102 MP: 11/11
 11277 | D:10     | Found Befelol's Gadget Emporium.
 11540 | D:10     | Killed an unseen horror
 11959 | D:10     | Noticed Snorg
 11993 | D:10     | Killed Snorg
 12260 | D:10     | Reached skill level 10 in Armour
 12387 | D:11     | Noticed Fannar
 12409 | D:11     | Killed Fannar
 12476 | D:11     | Found a gate leading to a gauntlet.
 12484 | D:11     | Found a staircase to the Orcish Mines.
 12553 | D:11     | Noticed a cyclops
 12583 | D:11     | Killed a cyclops
 12856 | D:11     | Noticed a centaur warrior
 12874 | D:11     | Killed a centaur warrior
 12924 | D:11     | Noticed a centaur warrior
 12946 | D:11     | Killed a centaur warrior
 12946 | D:11     | Reached XP level 12. HP: 88/115 MP: 12/12
 12973 | D:11     | Noticed a tengu warrior
 13431 | D:11     | Identified the +0 war axe "Icwibopp" {protect, Str+2
                  | Stlth+}
 13436 | D:11     | Identified the +1 hunting sling "Zeomuboc" {freeze, rC+ rN+
                  | Int-2}
 13524 | D:11     | Killed a tengu warrior
 13956 | D:11     | Noticed a centaur warrior
 13973 | D:11     | Killed a centaur warrior
 13973 | D:11     | Received a gift from Trog
 14347 | D:11     | Found a staircase to the Lair.
 14864 | D:12     | Noticed a sun demon
 14870 | D:12     | Reached skill level 15 in Fighting
 14959 | D:12     | Found a large runed translucent door.
 14959 | D:12     | Found a large runed translucent door.
 15041 | D:12     | Noticed Nessos
 15059 | D:12     | Killed Nessos
 15177 | D:12     | Reached XP level 13. HP: 118/127 MP: 13/13
 15290 | D:12     | Found a portal to a secret trove of treasure.
 15658 | D:13     | Found a gate to the Vaults.
 15768 | Orc:1    | Entered Level 1 of the Orcish Mines
 15881 | Orc:1    | Noticed an ettin
 15911 | Orc:1    | Killed an ettin
 16040 | Orc:1    | You fall through a shaft!
 16040 | Orc:2    | Entered Level 2 of the Orcish Mines
 16040 | Orc:2    | Found Telechu's Jewellery Shoppe.
 16040 | Orc:2    | Noticed an orc warlord
 16051 | Orc:2    | Gained mutation: You are frail. (-10% HP) [a neqoxec]
 16053 | Orc:2    | Received a gift from Trog
 16057 | Orc:2    | Killed an orc warlord
 16364 | Orc:2    | Found Utaeko's Antique Armour Boutique.
 17073 | Orc:2    | Found a staircase to the Elven Halls.
 17369 | Orc:2    | Found Qohurata's General Store.
 17784 | Orc:2    | Found Reelon's Antique Weapon Boutique.
 17912 | Orc:2    | Bought a glowing broad axe for 231 gold pieces
 17937 | Orc:2    | Bought a +2 helmet of intelligence for 365 gold pieces
 18040 | Lair:1   | Entered Level 1 of the Lair of Beasts
 18497 | Lair:1   | Reached skill level 15 in Armour
 18629 | Lair:1   | Found a frozen archway.
 18645 | IceCv    | Entered an ice cave
 18654 | IceCv    | Reached XP level 14. HP: 106/126 MP: 14/14
 19923 | Lair:2   | Reached skill level 15 in Axes
 20490 | Lair:2   | Found a runed translucent door.
 21805 | Lair:3   | Lost mutation: You are frail. (-10% HP) [potion of
                  | mutation]
 21805 | Lair:3   | Gained mutation: You tend to lose your temper in combat.
                  | [potion of mutation]
 21805 | Lair:3   | Gained mutation: Your magical capacity is low. (-10% MP)
                  | [potion of mutation]
 21805 | Lair:3   | Gained mutation: You are resistant to hostile enchantments.
                  | (MR+) [potion of mutation]
 21806 | Lair:3   | Lost mutation: You tend to lose your temper in combat.
                  | [potion of mutation]
 21806 | Lair:3   | Lost mutation: You are resistant to hostile enchantments.
                  | (MR+) [potion of mutation]
 21806 | Lair:3   | Lost mutation: Your magical capacity is low. (-10% MP)
                  | [potion of mutation]
 21806 | Lair:3   | Gained mutation: Your magical capacity is low. (-10% MP)
                  | [potion of mutation]
 21806 | Lair:3   | Gained mutation: Your spells are a little harder to cast,
                  | but a little more powerful. [potion of mutation]
 21806 | Lair:3   | Gained mutation: Your mind is acute. (Int +2) [potion of
                  | mutation]
 22077 | Lair:4   | Received a gift from Trog
 22108 | Lair:4   | Found a staircase to the Shoals.
 22247 | Lair:4   | Found a hole to the Spider Nest.
 22730 | Lair:5   | Noticed an azure jelly
 22733 | Lair:5   | Found a runed translucent door.
 22733 | Lair:5   | Found a viscous altar of Jiyva.
 22733 | Lair:5   | Found a staircase to the Slime Pits.
 22733 | Lair:5   | Noticed an azure jelly
 22768 | Lair:5   | Reached skill level 16 in Axes
 23383 | Lair:6   | Entered Level 6 of the Lair of Beasts
 23394 | Lair:6   | Reached XP level 15. HP: 133/149 MP: 13/13
 23733 | Lair:6   | Received a gift from Trog
 24316 | Lair:6   | Found a burning altar of Makhleb.
 24364 | Lair:6   | Found a gateway to Hell.
 24472 | Lair:6   | Reached skill level 17 in Axes
 25282 | D:13     | Noticed a frost giant
 25311 | D:13     | Killed a frost giant
 25316 | D:13     | Found a large runed translucent door.
 25317 | D:13     | Found a large runed translucent door.
 26067 | D:13     | Found a blossoming altar of Fedhas.
 26087 | D:13     | Found a hazy altar of Hepliaklqana.
 26448 | D:14     | Received a gift from Trog
 26785 | D:14     | Reached XP level 16. HP: 160/160 MP: 14/14
 26793 | D:14     | Found Caqingak's Gadget Shop.
 27118 | D:15     | Entered Level 15 of the Dungeon
 27294 | D:15     | Reached skill level 18 in Axes
 27382 | D:15     | Reached ****** piety under Trog
 28470 | D:15     | Paralysed by a hornet for 1 turns
 28567 | D:15     | Received a gift from Trog
 28572 | D:15     | Found a staircase to the Depths.
 28728 | D:15     | Reached skill level 19 in Axes
 28728 | D:15     | Reached XP level 17. HP: 169/169 MP: 15/15
 28762 | Depths:1 | Entered Level 1 of the Depths
 29309 | Depths:1 | Found a one-way gate leading to the halls of Pandemonium.
 29717 | Depths:1 | Found a one-way gate to the infinite horrors of the Abyss.
 29718 | Depths:1 | Noticed Louise
 29735 | Depths:1 | Killed Louise
 29863 | Depths:1 | Reached skill level 20 in Axes
 30696 | Depths:1 | Lost mutation: Your magical capacity is low. (-10% MP)
                  | [potion of mutation]
 30696 | Depths:1 | Lost mutation: Your spells are a little harder to cast, but
                  | a little more powerful. [potion of mutation]
 30696 | Depths:1 | Gained mutation: Your muscles are strong. (Str +2) [potion
                  | of mutation]
 30696 | Depths:1 | Gained mutation: You have a pair of small antennae on your
                  | head. [potion of mutation]
 30696 | Depths:1 | Gained mutation: You are clumsy. (Dex -2) [potion of
                  | mutation]
 30696 | Depths:1 | Gained mutation: You evolve. [potion of mutation]
 30760 | Depths:1 | You fall through a shaft!
 30862 | Depths:2 | Noticed a tentacled monstrosity
 30872 | Depths:2 | Killed a tentacled monstrosity
 30872 | Depths:2 | Reached XP level 18. HP: 178/178 MP: 18/18
 30937 | Depths:2 | Received a gift from Trog
 30938 | Depths:2 | Identified the ring of the Five Planets {+Fly MR+ Int+3}
 30942 | Depths:2 | Noticed a lich
 30942 | Depths:2 | Noticed a lich
 30948 | Depths:2 | Noticed a titan
 30950 | Depths:2 | Reached skill level 21 in Axes
 30951 | Depths:2 | Killed from afar by a frost giant

Skill      XL: |  1  2  3  4  5  6  7  8  9 10 11 12 13 14 15 16 17 18 |
---------------+-------------------------------------------------------+-----
Fighting       | 4 5 6 7 9 11 13 15 17 18 19 20 | 20.3
Axes           | 5 6 7 9 10 12 14 16 17 19 20 21 | 21.0
Armour         | 3 4 6 8 11 13 15 16 17 18 | 18.4
Shields        | 1 3 4 |  4.0
Dodging        | |  1.5

Action                   |  1- 3 |  4- 6 |  7- 9 | 10-12 | 13-15 | 16-18 || total
-------------------------+-------+-------+-------+-------+-------+-------++-------
Melee: Hand axe          |   154 |   173 |   484 |   907 |       |       ||  1718
       War axe           |       |       |       |   179 |   390 |       ||   569
       Broad axe         |       |       |       |       |   915 |   301 ||  1216
       Scimitar          |       |       |       |       |    41 |     7 ||    48
       Executioner's axe |       |       |       |       |       |   114 ||   114
Throw: Tomahawk          |       |       |     8 |     7 |       |       ||    15
Invok: Berserk           |     1 |     3 |     7 |     8 |     5 |     6 ||    30
       Trog's Hand       |       |     2 |     4 |    12 |    17 |    11 ||    46
       Brothers in Arms  |       |       |       |       |     2 |       ||     2
Evoke: Wand              |       |       |       |       |     2 |       ||     2
  Use: Scroll            |     4 |    12 |     6 |     8 |    15 |     6 ||    51
       Potion            |       |       |       |       |     2 |     2 ||     4
 Stab: Confused          |       |       |       |     2 |       |       ||     2
       Petrified         |       |       |       |       |     7 |       ||     7
       Petrifying        |       |       |       |       |     1 |       ||     1
       Distracted        |       |       |       |       |       |     1 ||     1
  Eat: Chunk             |     6 |     7 |    15 |    29 |    34 |    13 ||   104
       Ration            |       |       |     2 |     4 |     4 |     3 ||    13
Armor: Animal skin       |    11 |       |       |       |       |       ||    11
       Ring mail         |    25 |    42 |    61 |       |       |       ||   128
       Chain mail        |       |       |    95 |       |       |       ||    95
       Scale mail        |       |       |    35 |   486 |       |       ||   521
       Plate armour      |       |       |       |    23 |   947 |   367 ||  1337
Dodge: Dodged            |    88 |    54 |   155 |   357 |   462 |   182 ||  1298
Block: Buckler           |       |       |    59 |   161 |   321 |    88 ||   629
       Reflection        |       |       |       |       |     5 |    11 ||    16
       Other             |       |       |       |       |       |     7 ||     7
       Rpst.: Scimitar   |       |       |       |       |     1 |     1 ||     2
